 Dungeon Crawl Stone Soup version 0.29-a0-283-ga02f740833 (webtiles) character file.

Game seed: 11534326810503667960

11 Ajdolov the Chiller (level 2, -2/22 HPs)
             Began as a Naga Ice Elementalist on Mar 13, 2022.
             Slain by a kobold
             ... wielding a +0 dagger
              (3 damage)
             ... on level 1 of the Dungeon.
             The game lasted 00:00:46 (372 turns).

Ajdolov the Chiller (Naga Ice Elementalist)          Turns: 372, Time: 00:00:47

Health: -2/22      AC:  1    Str: 10    XL:     2   Next: 29%
Magic:  1/5        EV:  9    Int: 15    God:
Gold:   20         SH:  0    Dex: 11    Spells: 4/5 levels left

rFire   . . .      SeeInvis +   f - +0 dagger
rCold   . . .      Faith    .   (no shield)
rNeg    . . .      Spirit   .   a - +0 robe
rPois   +          Reflect  .   (no helmet)
rElec   .          Harm     .   (no cloak)
rCorr   .          Rampage  .   (no gloves)
Will    .....                   (no barding)
Stlth   ++........              (no amulet)
HPRegen 0.07/turn               (no ring)
MPRegen 0.09/turn               (no ring)

@: very slightly contaminated, very slow
A: AC +0, large, see invisible, deformed body, poison resistance, slowness 2,
spit poison 1, naga tail 1
a: Spit Poison


You were on level 1 of the Dungeon.
You visited 1 branch of the dungeon, and saw 1 of its levels.

You collected 20 gold pieces.

Inventory:

Hand Weapons
 f - a +0 dagger (weapon)
Armour
 a - a +0 robe (worn)
Scrolls
 c - a scroll of vulnerability {unknown}
 e - a scroll of enchant weapon {unknown}
Potions
 b - a potion of magic
 d - a potion of heal wounds {unknown}
 g - a potion of ambrosia {unknown}
 h - a potion of haste {unknown}


   Skills:
 - Level 1.5 Dodging
 + Level 3.5 Stealth
 - Level 2.0 Spellcasting
 * Level 4.4 Ice Magic


You had 4 spell levels left.
You knew the following spells:

 Your Spells              Type           Power      Damage    Failure   Level
a - Freeze                Ice            56%        1d7       3%          1

Your spell library contained the following spells:

 Spells                   Type           Power      Damage    Failure   Level
 Frozen Ramparts          Ice            28%        1d4       11%         3
 Ozocubu's Armour         Ice            14%        N/A       11%         3
 Hailstorm                Conj/Ice       8%         3d4       65%         4


Dungeon Overview and Level Annotations

Branches:
Dungeon (1/15)

Altars:

Shops:
D:1 *


Innate Abilities, Weirdness & Mutations

Your serpentine skin is tough. (AC +0)
You have supernaturally acute eyesight. (SInv)
Armour fits poorly on your strangely shaped body.
Your system is resistant to poisons. (rPois)
You cover ground very slowly.
You can spit poison.
You have a snake-like lower body.


Message History

Aim: a giant cockroach You freeze the giant cockroach.
You kill the giant cockroach!
Unknown command.
Aiming: Freeze (safe; 3% risk of failure)
Press: ? - help, Q - select action, (/) - cycle Shift-Dir - straight line, f - dart slug
Aim: a dart slug (moderately wounded)
You freeze the dart slug.
The dart slug is severely wounded.
The dart slug launches a dart at you. The slug dart hits you.
* * * LOW HITPOINT WARNING * * *
Aiming: Spit Poison (2% risk of failure)
Press: ? - help, Shift-Dir - straight line, f/p - dart slug
Aim: a dart slug (severely wounded, 100% to hit)
The splash of poison hits the dart slug!
The dart slug is poisoned.
You kill the dart slug!
Unknown command.
The kobold hits you with a +0 dagger.
* * * LOW HITPOINT WARNING * * *
The kobold attacks as you move away! The kobold hits you but does no damage.
The kobold hits you with a +0 dagger.
* * * LOW HITPOINT WARNING * * *
Aiming: Freeze (safe; 3% risk of failure)
Press: ? - help, Q - select action, (/) - cycle Shift-Dir - straight line, f - kobold
Aim: a kobold, wielding a +0 dagger You miscast Freeze.
You are very lightly contaminated with residual magic.
Nothing appears to happen.
You have got your breath back.
The kobold hits you with a +0 dagger.
* * * LOW HITPOINT WARNING * * *
Aiming: Freeze (safe; 3% risk of failure)
Press: ? - help, Q - select action, (/) - cycle Shift-Dir - straight line, f/p - kobold
Aim: a kobold, wielding a +0 dagger You freeze the kobold.
The kobold is severely wounded.
The kobold hits you with a +0 dagger.
You die...

.## ## #.# #.#.........# .# #.#
## ...8.....8.# ..# #.# # ..
#..........# ....# #.#.# #.
#..........## #...# ##.#.# #.
#$....>.....# ...# #.... #.##
#..........# #.## #..###.##..#
#..........# #.####...##.# #@#
#.8.....8.# #....##.#.##.#
#K###.KK......#
.....##.#.##.###KK.##.##.#$..#
<..####.#.......##.##.##...#.#
..#####.##......##..)....(..∩.
###.....##).....##########....)
##..######......# ..... ...##
#......# #### .### ########


You could see 3 kobolds.

Vanquished Creatures
  A dart slug (D:1)
  A bat (D:1)
  A giant cockroach (D:1)
  A goblin (D:1)
  A hobgoblin (D:1)
  3 kobolds (D:1)
  A rat (D:1)
9 creatures vanquished.

Notes
Turn   | Place    | Note
-------+----------+-------------------------------------------
     0 | D:1      | Ajdolov the Naga Ice Elementalist began the quest for the
                  | Orb.
     0 | D:1      | Reached XP level 1. HP: 15/15 MP: 3/3
   257 | D:1      | Reached XP level 2. HP: 15/22 MP: 0/5
   353 | D:1      | Found Vafymeg's Assorted Antiques.
   371 | D:1      | HP: 1/22 [kobold/+0 dagger (1)]
   372 | D:1      | Slain by a kobold

Illustrated notes

Levels and vault maps discovered:
D:1:      dpeg_arrival_round_c, layout_rooms, serial_shops, shop, st_stairs_1

Action                   || total
-------------------------++-------
Melee: Unarmed           ||     3
       Dagger            ||     1
 Cast: Freeze            ||    14
 Abil: Spit Poison       ||     3
Armor: Robe              ||     4
Dodge: Dodged            ||    11

Table legend: (Time is in decaauts)
 A = Elapsed time spent in this place.
 B = Non-inter-level travel time spent in this place.
 C = Inter-level travel time spent in this place.
 D = Time resting spent in this place.
 E = Time spent auto-exploring this place.
 F = Levels seen in this place.
 G = Mean time per level.
                   A        B        C        D        E       F      G
               +--------+--------+--------+--------+--------+-----+--------+
         Total |    424 |    424 |      0 |     55 |    268 |   1 |  424.0 |
       Dungeon |    424 |    424 |      0 |     55 |    268 |   1 |  424.0 |
               +--------+--------+--------+--------+--------+-----+--------+

Top non-repeatable levels by time:
     D:1: 424 daAuts
